 Dungeon Crawl Stone Soup version 0.29.1-4-g47bece8355 (webtiles) character file.

Game seed: 14610633880657470456

163 CungeonDrawl the Magician (level 5, -4/35 HPs)
             Began as a Djinni Fire Elementalist on Dec 5, 2022.
             Slain by Eustachio
             ... wielding a +1 rapier of speed
              (9 damage)
             ... on level 4 of the Dungeon.
             The game lasted 00:16:22 (4612 turns).

CungeonDrawl the Magician (DjFE)                    Turns: 4612, Time: 00:16:23

Health: -4/35      AC:  2    Str: 13    XL:     5   Next: 73%
Gold:   243        EV: 12    Int: 18    God:
                   SH:  0    Dex: 14

rFire   + + .      SeeInvis .   (no weapon)
rCold   x . .      Faith    .   (no shield)
rNeg    . . .      Spirit   .   a - +0 robe
rPois   ∞          Reflect  .   (no helmet)
rElec   .          Harm     .   (no cloak)
rCorr   .          Rampage  .   (no gloves)
Will    .....                   (boots unavailable)
Stlth   ++........              (no amulet)
HPRegen 0.11/turn               j - +6 ring of strength
MPRegen 0.00/turn               (no ring)

@: flying
A: sickness immunity, fire resistance 2, cold vulnerability 1, float, innate
caster, HP casting, extra vitality 1
a: no special abilities


You were on level 4 of the Dungeon.
You visited 1 branch of the dungeon, and saw 4 of its levels.

You collected 243 gold pieces.

Inventory:

Armour
 a - a +0 robe (worn)
Jewellery
 j - a +6 ring of strength (left hand)
Scrolls
 b - 2 scrolls of identify
 c - a scroll of silence {unknown}
 d - 2 scrolls of noise
 h - a scroll of magic mapping
 i - a scroll of teleportation {unknown}
 k - a scroll of blinking {unknown}
 l - a scroll of enchant weapon {unknown}
 m - a scroll of fog {unknown}
Potions
 e - 2 potions of curing {unknown}
 f - a potion of degeneration {unknown}
 g - 3 potions of haste


   Skills:
 - Level 2.5 Dodging
 - Level 1.8 Stealth
 * Level 4.4 Spellcasting


You couldn't memorise any spells.
You knew the following spells:

 Your Spells              Type           Power      Damage    Failure   Level
a - Foxfire               Conj/Fire      80%        2x1d8     2%          1
b - Scorch                Fire           40%        2d7       3%          2
c - Conjure Flame         Conj/Fire      20%        6-21      7%          3
d - Inner Flame           Hex/Fire       20%        N/A       7%          3
e - Flame Wave            Conj/Fire      20%        2d7       22%         4
f - Magic Dart            Conj           80%        1d7       2%          1
g - Poisonous Vapours     Pois/Air       40%        N/A       3%          2
Your spell library was empty.

Dungeon Overview and Level Annotations

Branches:
Dungeon (4/15)             Temple (0/1) D:4

Altars:
Wu Jian
Xom

Annotations:
D:3 exclusion: downstairs
D:4 2 exclusions, Eustachio, Grinder, Robin


Innate Abilities, Weirdness & Mutations

You are immune to sickness and miasma.
You are immune to poison.
Your flesh is very heat resistant. (rF++)
You are vulnerable to cold. (rC-)
You float through the air rather than walking.
You learn spells naturally, not from books.
Your magical power is your life essence.
You have superior vitality. (+4 MHP)


Message History

Level annotation: exclusion: downstairs
There is a stone staircase leading down here.
There is a stone staircase leading down here.
You fly downwards.
Level annotation: 2 exclusions, Eustachio, Grinder, Robin Eustachio shouts!
Eustachio mumbles some strange words.
Eustachio drinks a potion.
Eustachio flickers and vanishes!
Deactivating autopickup; reactivate with Ctrl-A.
There is a stone staircase leading up here.
You hear some strange, mumbled words.
You fly upwards.
The iron imp disappears in a puff of smoke!
The quasit disappears in a puff of smoke!
Level annotation: exclusion: downstairs Reactivating autopickup.
There is a stone staircase leading down here.
You hear some strange, mumbled words.
You hear some strange, mumbled words.
Something hits you but does no damage.
Deactivating autopickup; reactivate with Ctrl-A.
Something hits you. Something hits you. Something hits you.
Something barely misses you. Something hits you! Something barely misses you.
There is a stone staircase leading down here.
The iron imp disappears in a puff of smoke!
Something hits you!
* * * LOW HITPOINT WARNING * * *
Something hits you.
* * * LOW HITPOINT WARNING * * *
You fly downwards.
The iron imp disappears in a puff of smoke!
Level annotation: 2 exclusions, Eustachio, Grinder, Robin Reactivating autopickup.
There is a stone staircase leading up here.
You start resting.
Something hits you!
You die...

####### #...@.#
#.....# #?.)÷.#
###÷### *#$§*
***********÷.,*
**,,,,,,,,,,..**
***,,*******,.#.***
,,,,,* *,,,*,,,,*


There were no monsters in sight!

Vanquished Creatures
  4 gnolls (D:2)
  4 adders
  3 worms
  3 dart slugs
  4 orcs (D:3)
  7 bats
  5 endoplasms
  4 hobgoblins
  7 jackals
  3 quokkas
  8 ball pythons
  4 frilled lizards
  6 goblins
  4 kobolds
  4 rats
70 creatures vanquished.

Vanquished Creatures (others)
  150 foxfires
150 creatures vanquished.

Grand Total: 220 creatures vanquished

Notes
Turn   | Place    | Note
-------+----------+-------------------------------------------
     0 | D:1      | CungeonDrawl the Djinni Fire Elementalist began the quest
                  | for the Orb.
     0 | D:1      | CungeonDrawl set off with the following spells memorised:
                  | Foxfire, Scorch, Conjure Flame, Inner Flame, Flame Wave.
     0 | D:1      | Reached XP level 1. HP: 15/15 MP: 0/0
   368 | D:1      | Reached XP level 2. HP: 13/21 MP: 0/0
   820 | D:1      | Reached XP level 3. HP: 17/25 MP: 0/0
   820 | D:1      | Learned a level 1 spell: Magic Dart
  1375 | D:1      | Reached skill level 3 in Spellcasting
  1915 | D:2      | Reached XP level 4. HP: 26/31 MP: 0/0
  2266 | D:2      | Reached skill level 4 in Spellcasting
  2266 | D:2      | Reached XP level 5. HP: 19/35 MP: 0/0
  2266 | D:2      | Learned a level 2 spell: Poisonous Vapours
  3017 | D:2      | Found a shimmering altar of Xom.
  3853 | D:3      | Found a faded altar of an unknown god.
  3928 | D:3      | Found an ornate altar of the Wu Jian Council.
  4269 | D:4      | Noticed Grinder
  4270 | D:4      | Noticed Robin
  4397 | D:4      | Noticed Eustachio
  4612 | D:4      | Slain by Eustachio

Illustrated notes

Levels and vault maps discovered:
D:1:      dpeg_arrival_orchard, layout_rooms, nicolae_eternal_life,
          minmay_domino_4
D:2:      layout_basic, basic_altar, minmay_quantized
D:3:      layout_basic, gammafunk_temple_overflow_elements,
          ebering_ecumenical_altar_ruins, chequers_serial_rivers_small_3
D:4:      layout_rooms, minmay_temple_entry_offerings, uniq_grinder, uniq_robin,
          uniq_eustachio

Skill      XL: |  1  2  3  4 |
---------------+-------------+-----
Spellcasting   | 3 4 |  4.4
Dodging        | |  2.5
Stealth        | |  1.8

Action                   |  1- 3 |  4- 6 || total
-------------------------+-------+-------++-------
 Cast: Foxfire           |    46 |    55 ||   101
       Scorch            |     8 |    19 ||    27
       Magic Dart        |    30 |    37 ||    67
       Poisonous Vapours |       |     9 ||     9
  Use: Scroll            |       |     3 ||     3
Armor: Robe              |     1 |     3 ||     4
Dodge: Dodged            |     5 |    11 ||    16
